WILKES-BARRE/SCRANTON Penguins vs CHICAGO Wolves

Created - 5 avril 2024 at 17:07

Goals
1 2 3 T
WILKES-BARRE/SCRANTON Penguins 2 1 0 3
CHICAGO Wolves 3 0 1 4
Shots
1 2 3 T
WILKES-BARRE/SCRANTON Penguins 7 4 9 20
CHICAGO Wolves 11 13 14 38

1st period

1. WILKES-BARRE/SCRANTON Penguins , Drew O'Connor 26 (Louie Belpedio 27, Mikey Eyssimont 30) at 0:36
2. CHICAGO Wolves , Ondrej Kase 33 (Jack McBain 42, Lias Andersson 36) at 2:38 (PP)
3. CHICAGO Wolves , Ondrej Kase 34 (Joseph Cecconi 24, Jack McBain 43) at 4:42
4. WILKES-BARRE/SCRANTON Penguins , Drew O'Connor 27 (Matt Luff 11, Mikey Eyssimont 31) at 9:43
5. CHICAGO Wolves , Joseph Cecconi 11 (Ondrej Kase 40, Lias Andersson 37) at 9:51

Penalties :
Daniel Walcott (pit) for Interference (Minor) at 1:09, Keean Washkurak (pit) for Roughing (Minor) at 9:52, Brandon Coe (pit) for Tripping (Minor) at 12:00, Jett Woo (pit) for Delaying the game (Minor) at 15:30

2nd period

6. WILKES-BARRE/SCRANTON Penguins , Connor McMichael 25 (Daemon Hunt 19) at 7:16

Penalties :
Mikey Eyssimont (pit) for High sticking (Double Minor) at 8:39

3rd period

7. CHICAGO Wolves , Chase De Leo 15 (Isaak Phillips 31, Noel Hoefenmayer 28) at 19:37

Penalties :
Joseph Cecconi (car) for Fighting (Major) at 5:28, Mikey Eyssimont (pit) for Fighting (Major) at 5:28, Daniel Walcott (pit) for Cross-checking (Minor) at 12:22, Jack McBain (car) for Fighting (Major) at 15:26, Otto Koivula (pit) for Fighting (Major) at 15:26, Otto Koivula (pit) for instigated a fight (Game Misconduct) at 15:26, Keean Washkurak (pit) for Interference (Minor) at 17:36

Goalie Stats

Colton Point (pit), 34 saves from 38 shots - (0,895), L, 20-34-1, 60:00 minutes
Anthony Stolarz (car), 17 saves from 20 shots - (0,850), W, 38-11-3, 60:00 minutes

Players Stats for WILKES-BARRE/SCRANTON Penguins

Player Name              G  A  P  +/- PIM S  H  SB GA TA FO     MP     PP MP  PK MP  
------------------------------------------------------------------------------------
Brandon Coe              0  0  0  -2  2   1  0  0  0  0  2/3    10:37   0:00   0:00 
Cole Moberg              0  0  0   0  0   0  0  1  0  0  0/0     5:31   0:00   0:44 
Connor McMichael         1  0  1   1  0   4  2  0  0  0  8/18   19:56   0:00   6:06 
Daemon Hunt              0  1  1   1  0   0  1  0  0  0  0/0    19:48   0:00   7:30 
Daniel Walcott           0  0  0  -2  4   2  1  0  0  0  1/3    15:05   0:00   2:24 
Drew O'Connor            2  0  2   1  0   4  2  2  0  0  13/25  26:28   0:00   8:58 
Dylan Samberg            0  0  0   1  0   1  0  2  0  0  0/0    26:04   0:00   8:58 
Jett Woo                 0  0  0   1  2   0  0  2  0  0  0/0    19:09   0:00   6:52 
Jimmy Lodge              0  0  0   0  0   0  0  0  0  0  1/3     4:31   0:00   0:00 
Keean Washkurak          0  0  0  -2  4   0  1  0  0  0  7/16   13:33   0:00   2:57 
Louie Belpedio           0  1  1   1  0   1  1  2  0  0  0/0    21:51   0:00   8:56 
Matt Luff                0  1  1   1  0   2  0  0  0  0  0/2    13:39   0:00   0:00 
Max Willman              0  0  0   1  0   0  2  0  0  0  0/1    19:40   0:00   5:50 
Mikey Eyssimont          0  2  2   1  9   1  0  0  0  0  6/10   18:55   0:00   7:13 
Nicklaus Perbix          0  0  0  -2  0   1  3  0  0  0  0/0    14:40   0:00   1:44 
Nolan Stevens            0  0  0   0  0   0  2  0  0  0  1/2     6:01   0:00   1:00 
Otto Koivula             0  0  0   1  17  3  2  0  0  0  1/1    14:05   0:00   0:16 
Wyatte Wylie             0  0  0  -2  0   0  1  1  0  0  0/0    12:56   0:00   0:00 

Players Stats for CHICAGO Wolves

Player Name              G  A  P  +/- PIM S  H  SB GA TA FO     MP     PP MP  PK MP  
------------------------------------------------------------------------------------
Aleksi Heponiemi         0  0  0   0  0   0  0  0  0  0  0/0     3:17   0:00   0:00 
Chase De Leo             1  0  1   1  0   2  1  0  0  0  0/0    10:50   0:00   0:00 
Glenn Gawdin             0  0  0   0  0   1  0  0  0  0  0/2     3:17   0:00   0:00 
Isaak Phillips           0  1  1  -2  0   2  0  2  0  0  0/0    23:41   6:58   0:00 
Jack McBain              0  2  2   2  5   2  1  0  0  0  13/28  19:38   6:31   0:00 
Jansen Harkins           0  0  0  -3  0   3  2  0  0  0  2/3    24:34   9:11   0:00 
Joseph Cecconi           1  1  2   2  5   1  1  0  0  0  0/0    21:27   7:05   0:00 
Karson Kuhlman           0  0  0  -3  0   3  0  0  0  0  1/2    24:08   8:45   0:00 
Kole Lind                0  0  0   1  0   3  0  0  0  0  0/1    12:17   2:02   0:00 
Lias Andersson           0  2  2   2  0   2  1  0  0  0  0/0    20:39   7:31   0:00 
Mikko Kokkonen           0  0  0   1  0   0  0  0  0  0  0/0    19:11   5:01   0:00 
Morgan Barron            0  0  0  -3  0   3  6  0  0  0  16/29  26:43   7:58   0:00 
Nate Schnarr             0  0  0   1  0   1  1  0  0  0  4/5     5:38   2:56   0:00 
Nikita Alexandrov        0  0  0   1  0   0  3  0  0  0  6/11   10:50   0:00   0:00 
Noel Hoefenmayer         0  1  1  -2  0   4  2  1  0  0  0/0    25:37   6:59   0:00 
Ondrej Kase              2  1  3   2  0   10 1  0  0  0  2/3    21:45   8:37   0:00 
Roland McKeown           0  0  0   0  0   1  1  0  0  0  0/0    25:12   6:37   0:00 
Zayde Wisdom             0  0  0   0  0   0  0  0  0  0  0/0     1:14   0:39   0:00 

3 Stars

1 - Ondrej Kase (car)
2 - Drew O'Connor (pit)
3 - Lias Andersson (car)

Power Play

WILKES-BARRE/SCRANTON Penguins - 0 on 0 Attempt(s) - 0,00%
CHICAGO Wolves - 1 on 9 Attempt(s) - 11,11%

Penalty Kill

WILKES-BARRE/SCRANTON Penguins - 8 on 9 Attempt(s) - 88,89% - Score 0 goal in Penalty Kill
CHICAGO Wolves - 0 on 0 Attempt(s) - 0,00% - Score 0 goal in Penalty Kill

Team Stat

WILKES-BARRE/SCRANTON Penguins - Hits : 18 - Faceoff Wins : 40 - Blocked Shots : 10 - Penalty Minutes : 38
CHICAGO Wolves - Hits : 20 - Faceoff Wins : 44 - Blocked Shots : 3 - Penalty Minutes : 10

Official

Referees : Phillip Brooks and Kendrick Nicholson
Linesman : Kaylah Krieger and Diana Mokhova

Game Notes

Joseph Cecconi and Mikey Eyssimont fight to a draw at 5:28 of 3rd period
Jack McBain beats up Otto Koivula at 15:26 of 3rd period
Otto Koivula (pit) for instigated a fight (Game Misconduct) at 15:26
Otto Koivula ejected from game at 15:26 of 3rd period
Otto Koivula from WILKES-BARRE/SCRANTON Penguins is suspended for 1 game(s)

WILKES-BARRE/SCRANTON Penguins

5 vs 5 Forward 
   Center                   Left Wing                Right Wing               Time % Phy DF OF 
 1 Mikey Eyssimont          Drew O'Connor            Matt Luff                40     1   2  2  
 2 Connor McMichael         Max Willman              Otto Koivula             30     1   2  2  
 3 Keean Washkurak          Daniel Walcott           Brandon Coe              20     1   2  2  
 4 Jimmy Lodge              Nolan Stevens            Drew O'Connor            10     1   2  2  

5 vs 5 Defense 
   Defense                  Defense                                           Time % Phy DF OF 
 1 Dylan Samberg            Louie Belpedio                                    40     1   2  2  
 2 Jett Woo                 Daemon Hunt                                       30     1   2  2  
 3 Wyatte Wylie             Nicklaus Perbix                                   20     1   2  2  
 4 Cole Moberg              Dylan Samberg                                     10     1   2  2  

PowerPlay Forward 
   Center                   Left Wing                Right Wing               Time % Phy DF OF 
 1 Mikey Eyssimont          Drew O'Connor            Matt Luff                60     1   2  2  
 2 Connor McMichael         Max Willman              Otto Koivula             40     1   2  2  

PowerPlay Defense
   Defense                  Defense                                           Time % Phy DF OF 
 1 Dylan Samberg            Louie Belpedio                                    60     1   2  2  
 2 Jett Woo                 Daemon Hunt                                       40     1   2  2  

Penalty Kill 4 Players Forward 
   Center                   Wing                     Time % Phy DF OF 
 1 Drew O'Connor            Mikey Eyssimont          60     1   2  2  
 2 Connor McMichael         Max Willman              40     1   2  2  

Penalty Kill 4 Players Defense
   Defense                  Defense                  Time % Phy DF OF 
 1 Dylan Samberg            Louie Belpedio           60     1   2  2  
 2 Jett Woo                 Daemon Hunt              40     1   2  2  

Penalty Kill - 3 Players Forward 
   Forward                                           Time % Phy DF OF 
 1 Drew O'Connor                                     60     1   2  2  
 2 Mikey Eyssimont                                   40     1   2  2  

Penalty Kill - 3 Players Defense
   Defense                  Defense                  Time % Phy DF OF 
 1 Dylan Samberg            Louie Belpedio           60     1   2  2  
 2 Jett Woo                 Daemon Hunt              40     1   2  2  

4 vs 4 Forward 
   Center                   Wing                     Time % Phy DF OF 
 1 Drew O'Connor            Mikey Eyssimont          60     1   2  2  
 2 Connor McMichael         Max Willman              40     1   2  2  

4 vs 4 Defense
   Defense                  Defense                  Time % Phy DF OF 
 1 Dylan Samberg            Louie Belpedio           60     1   2  2  
 2 Jett Woo                 Daemon Hunt              40     1   2  2  

Last Minutes Offensive
   Center                   Left Wing                Right Wing               Defense                  Defense                  
   Mikey Eyssimont          Drew O'Connor            Matt Luff                Dylan Samberg            Louie Belpedio           

Last Minutes Defensive
   Center                   Left Wing                Right Wing               Defense                  Defense                  
   Mikey Eyssimont          Drew O'Connor            Matt Luff                Dylan Samberg            Louie Belpedio           

Goaltenders
Starting : Colton Point             
Backup : Unknown Goalie           

Extra Forwards
Normal : Daniel Walcott, Nolan Stevens, Keean Washkurak - PP : Daniel Walcott, Nolan Stevens - PK : Keean Washkurak
Extra Defensemen
Normal : Wyatte Wylie, Nicklaus Perbix, Cole Moberg - PP : Wyatte Wylie - PK : Nicklaus Perbix, Cole Moberg
Penalty Shots
Drew O'Connor, Mikey Eyssimont, Connor McMichael, Max Willman, Matt Luff

Scratches
Luke Green (Healthy), Nolan Vesey (Healthy)

CHICAGO Wolves

5 vs 5 Forward 
   Center                   Left Wing                Right Wing               Time % Phy DF OF 
 1 Morgan Barron            Jansen Harkins           Karson Kuhlman           40     1   2  2  
 2 Jack McBain              Lias Andersson           Ondrej Kase              30     1   2  2  
 3 Nikita Alexandrov        Chase De Leo             Kole Lind                20     1   2  2  
 4 Glenn Gawdin             Aleksi Heponiemi         Morgan Barron            10     1   2  2  

5 vs 5 Defense 
   Defense                  Defense                                           Time % Phy DF OF 
 1 Noel Hoefenmayer         Isaak Phillips                                    40     1   2  2  
 2 Roland McKeown           Joseph Cecconi                                    30     1   2  2  
 3 Mikko Kokkonen           Noel Hoefenmayer                                  20     1   2  2  
 4 Isaak Phillips           Roland McKeown                                    10     1   2  2  

PowerPlay Forward 
   Center                   Left Wing                Right Wing               Time % Phy DF OF 
 1 Morgan Barron            Jansen Harkins           Karson Kuhlman           60     1   2  2  
 2 Jack McBain              Lias Andersson           Ondrej Kase              40     1   2  2  

PowerPlay Defense
   Defense                  Defense                                           Time % Phy DF OF 
 1 Noel Hoefenmayer         Isaak Phillips                                    60     1   2  2  
 2 Roland McKeown           Joseph Cecconi                                    40     1   2  2  

Penalty Kill 4 Players Forward 
   Center                   Wing                     Time % Phy DF OF 
 1 Morgan Barron            Jack McBain              60     1   2  2  
 2 Karson Kuhlman           Ondrej Kase              40     1   2  2  

Penalty Kill 4 Players Defense
   Defense                  Defense                  Time % Phy DF OF 
 1 Noel Hoefenmayer         Isaak Phillips           60     1   2  2  
 2 Roland McKeown           Joseph Cecconi           40     1   2  2  

Penalty Kill - 3 Players Forward 
   Forward                                           Time % Phy DF OF 
 1 Morgan Barron                                     60     1   2  2  
 2 Jack McBain                                       40     1   2  2  

Penalty Kill - 3 Players Defense
   Defense                  Defense                  Time % Phy DF OF 
 1 Noel Hoefenmayer         Isaak Phillips           60     1   2  2  
 2 Roland McKeown           Joseph Cecconi           40     1   2  2  

4 vs 4 Forward 
   Center                   Wing                     Time % Phy DF OF 
 1 Morgan Barron            Jack McBain              60     1   2  2  
 2 Karson Kuhlman           Ondrej Kase              40     1   2  2  

4 vs 4 Defense
   Defense                  Defense                  Time % Phy DF OF 
 1 Noel Hoefenmayer         Isaak Phillips           60     1   2  2  
 2 Roland McKeown           Joseph Cecconi           40     1   2  2  

Last Minutes Offensive
   Center                   Left Wing                Right Wing               Defense                  Defense                  
   Morgan Barron            Jansen Harkins           Karson Kuhlman           Noel Hoefenmayer         Isaak Phillips           

Last Minutes Defensive
   Center                   Left Wing                Right Wing               Defense                  Defense                  
   Morgan Barron            Jansen Harkins           Karson Kuhlman           Noel Hoefenmayer         Isaak Phillips           

Goaltenders
Starting : Anthony Stolarz          
Backup : Mikhail Berdin           

Extra Forwards
Normal : Nate Schnarr, Zayde Wisdom, Kole Lind - PP : Nate Schnarr, Zayde Wisdom - PK : Kole Lind
Extra Defensemen
Normal : Mikko Kokkonen, Joseph Cecconi, Noel Hoefenmayer - PP : Mikko Kokkonen - PK : Joseph Cecconi, Noel Hoefenmayer
Penalty Shots
Morgan Barron, Jack McBain, Karson Kuhlman, Ondrej Kase, Jansen Harkins

Scratches
Nelson Nogier (Healthy), Sami Niku (Healthy), Luka Burzan (Healthy), Mason Millman (Healthy)

% Time on Ice - WILKES-BARRE/SCRANTON Penguins

Lines # - Real PCT - Wanted PCT - Time Play
Normal Forward
1 - 31% - 40% - 13:17
2 - 33% - 30% - 13:50
3 - 25% - 20% - 10:38
4 - 11% - 10% - 4:31
Normal Defense
1 - 30% - 40% - 12:33
2 - 29% - 30% - 12:18
3 - 31% - 20% - 12:56
4 - 11% - 10% - 4:29
PP Forward
1 - 0% - 60%
2 - 0% - 40%
PP Defense
1 - 0% - 60%
2 - 0% - 40%
PK Forward
1 - 66% - 60% - 11:32
2 - 34% - 40% - 5:50
PK Defense
1 - 53% - 60% - 9:11
2 - 47% - 40% - 8:11
PK3 Forward
1 - 0% - 60%
2 - 0% - 40%
PK3 Defense
1 - 0% - 60%
2 - 0% - 40%
44 Forward
1 - 0% - 60%
2 - 0% - 40%
44 Defense
1 - 0% - 60%
2 - 0% - 40%
Last Minute Offensive  - 0:22
Last Minute Defensive  - 0:00
Total
Forward - 60:00
Defense - 60:00

% Time on Ice - CHICAGO Wolves

Lines # - Real PCT - Wanted PCT - Time Play
Normal Forward
1 - 36% - 40% - 15:01
2 - 31% - 30% - 13:08
3 - 26% - 20% - 10:50
4 - 8% - 10% - 3:17
Normal Defense
1 - 21% - 40% - 8:59
2 - 37% - 30% - 15:34
3 - 25% - 20% - 10:23
4 - 17% - 10% - 7:20
PP Forward
1 - 50% - 60% - 8:45
2 - 50% - 40% - 8:37
PP Defense
1 - 52% - 60% - 9:04
2 - 48% - 40% - 8:18
PK Forward
1 - 0% - 60%
2 - 0% - 40%
PK Defense
1 - 0% - 60%
2 - 0% - 40%
PK3 Forward
1 - 0% - 60%
2 - 0% - 40%
PK3 Defense
1 - 0% - 60%
2 - 0% - 40%
44 Forward
1 - 0% - 60%
2 - 0% - 40%
44 Defense
1 - 0% - 60%
2 - 0% - 40%
Last Minute Offensive  - 0:00
Last Minute Defensive  - 0:22
Total
Forward - 60:00
Defense - 60:00

Play-by-Play

1st period


0:01 of 1st period - Morgan Barron wins face-off versus Matt Luff in neutral zone.
0:36 of 1st period - Shot by Drew O'Connor.
0:36 of 1st period - Goal by Drew O'Connor - WILKES-BARRE/SCRANTON Penguins : 1 - CHICAGO Wolves : 0.
0:37 of 1st period - Connor McMichael wins face-off versus Jack McBain in neutral zone.
0:42 of 1st period - Joseph Cecconi is hit by Max Willman and loses puck.
1:08 of 1st period - Off-side.
1:09 of 1st period - Nikita Alexandrov wins face-off versus Keean Washkurak in neutral zone.
1:09 of 1st period - Minor Penalty to Daniel Walcott for Interference.
1:10 of 1st period - Morgan Barron wins face-off versus Drew O'Connor in WILKES-BARRE/SCRANTON Penguins zone.
2:08 of 1st period - Icing by Lias Andersson.
2:09 of 1st period - Drew O'Connor wins face-off versus Ondrej Kase in CHICAGO Wolves zone.
2:38 of 1st period - Shot by Ondrej Kase.
2:38 of 1st period - Goal by Ondrej Kase - WILKES-BARRE/SCRANTON Penguins : 1 - CHICAGO Wolves : 1.
2:39 of 1st period - Keean Washkurak wins face-off versus Nikita Alexandrov in neutral zone.
3:23 of 1st period - Off-side.
3:24 of 1st period - Morgan Barron wins face-off versus Connor McMichael in neutral zone.
3:31 of 1st period - Shot by Morgan Barron.
3:31 of 1st period - Shot Misses the Net.
3:33 of 1st period - Shot by Roland McKeown.
3:33 of 1st period - Shot Misses the Net.
3:35 of 1st period - Shot by Morgan Barron.
3:35 of 1st period - Shot Misses the Net.
4:42 of 1st period - Shot by Ondrej Kase.
4:42 of 1st period - Goal by Ondrej Kase - WILKES-BARRE/SCRANTON Penguins : 1 - CHICAGO Wolves : 2.
4:43 of 1st period - Nikita Alexandrov wins face-off versus Keean Washkurak in neutral zone.
4:50 of 1st period - Nicklaus Perbix is hit by Nikita Alexandrov and loses puck.
5:05 of 1st period - Shot by Kole Lind.
5:05 of 1st period - Stopped by Colton Point with a rebound.
5:07 of 1st period - Shot by Noel Hoefenmayer.
5:07 of 1st period - Shot Blocked by Wyatte Wylie.
5:44 of 1st period - Shot by Mikey Eyssimont.
5:44 of 1st period - Stopped by Anthony Stolarz without a rebound.
5:45 of 1st period - Jimmy Lodge wins face-off versus Jack McBain in CHICAGO Wolves zone.
5:46 of 1st period - Shot by Dylan Samberg.
5:46 of 1st period - Stopped by Anthony Stolarz without a rebound.
5:47 of 1st period - Connor McMichael wins face-off versus Jack McBain in CHICAGO Wolves zone.
5:47 of 1st period - Connor McMichael is hit by Noel Hoefenmayer.
5:51 of 1st period - Shot by Otto Koivula.
5:51 of 1st period - Shot Misses the Net.
5:53 of 1st period - Shot by Connor McMichael.
5:53 of 1st period - Stopped by Anthony Stolarz without a rebound.
5:54 of 1st period - Morgan Barron wins face-off versus Mikey Eyssimont in CHICAGO Wolves zone.
6:27 of 1st period - Shot by Matt Luff.
6:27 of 1st period - Shot Misses the Net.
6:53 of 1st period - Shot by Connor McMichael.
6:53 of 1st period - Shot Misses the Net.
6:55 of 1st period - Shot by Daemon Hunt.
6:55 of 1st period - Shot Misses the Net.
7:07 of 1st period - Shot by Connor McMichael.
7:07 of 1st period - Shot Misses the Net.
7:13 of 1st period - Shot by Otto Koivula.
7:13 of 1st period - Stopped by Anthony Stolarz without a rebound.
7:14 of 1st period - Nikita Alexandrov wins face-off versus Keean Washkurak in CHICAGO Wolves zone.
7:25 of 1st period - Roland McKeown is hit by Daniel Walcott and loses puck.
8:16 of 1st period - Shot by Drew O'Connor.
8:16 of 1st period - Deflect By Jimmy Lodge.
8:16 of 1st period - Shot Misses the Net.
8:52 of 1st period - Shot by Otto Koivula.
8:52 of 1st period - Shot Misses the Net.
9:17 of 1st period - Jansen Harkins is hit by Drew O'Connor and loses puck.
9:43 of 1st period - Shot by Drew O'Connor.
9:43 of 1st period - Goal by Drew O'Connor - WILKES-BARRE/SCRANTON Penguins : 2 - CHICAGO Wolves : 2.
9:44 of 1st period - Ondrej Kase wins face-off versus Keean Washkurak in neutral zone.
9:51 of 1st period - Shot by Joseph Cecconi.
9:51 of 1st period - Goal by Joseph Cecconi - WILKES-BARRE/SCRANTON Penguins : 2 - CHICAGO Wolves : 3.
9:52 of 1st period - Jack McBain wins face-off versus Brandon Coe in neutral zone.
9:52 of 1st period - Minor Penalty to Keean Washkurak for Roughing.
9:53 of 1st period - Drew O'Connor wins face-off versus Jack McBain in WILKES-BARRE/SCRANTON Penguins zone.
12:00 of 1st period - Minor Penalty to Brandon Coe for Tripping.
12:01 of 1st period - Drew O'Connor wins face-off versus Morgan Barron in WILKES-BARRE/SCRANTON Penguins zone.
12:19 of 1st period - Shot by Karson Kuhlman.
12:19 of 1st period - Shot Blocked by Jett Woo.
12:26 of 1st period - Icing by Morgan Barron.
12:27 of 1st period - Morgan Barron wins face-off versus Drew O'Connor in CHICAGO Wolves zone.
12:58 of 1st period - Shot by Ondrej Kase.
12:58 of 1st period - Stopped by Colton Point with a rebound.
13:00 of 1st period - Shot by Jack McBain.
13:00 of 1st period - Shot Misses the Net.
13:02 of 1st period - Shot by Lias Andersson.
13:02 of 1st period - Deflect By Ondrej Kase.
13:02 of 1st period - Stopped by Colton Point with a rebound.
13:04 of 1st period - Shot by Roland McKeown.
13:04 of 1st period - Shot Misses the Net.
13:06 of 1st period - Shot by Roland McKeown.
13:06 of 1st period - Stopped by Colton Point with a rebound.
13:08 of 1st period - Shot by Ondrej Kase.
13:08 of 1st period - Stopped by Colton Point without a rebound.
13:09 of 1st period - Nate Schnarr wins face-off versus Drew O'Connor in WILKES-BARRE/SCRANTON Penguins zone.
13:14 of 1st period - Shot by Roland McKeown.
13:14 of 1st period - Shot Misses the Net.
13:23 of 1st period - Icing by Mikko Kokkonen.
13:24 of 1st period - Drew O'Connor wins face-off versus Nate Schnarr in CHICAGO Wolves zone.
13:33 of 1st period - Daemon Hunt is hit by Nate Schnarr and loses puck.
13:47 of 1st period - Icing by Mikko Kokkonen.
13:48 of 1st period - Nate Schnarr wins face-off versus Connor McMichael in CHICAGO Wolves zone.
14:09 of 1st period - Shot by Nikita Alexandrov.
14:09 of 1st period - Deflect By Kole Lind.
14:09 of 1st period - Shot Misses the Net.
14:11 of 1st period - Shot by Chase De Leo.
14:11 of 1st period - Stopped by Colton Point with a rebound.
14:13 of 1st period - Shot by Kole Lind.
14:13 of 1st period - Stopped by Colton Point without a rebound.
14:14 of 1st period - Connor McMichael wins face-off versus Jack McBain in WILKES-BARRE/SCRANTON Penguins zone.
14:14 of 1st period - Connor McMichael is hit by Jack McBain.
14:23 of 1st period - Ondrej Kase is hit by Wyatte Wylie and loses puck.
14:59 of 1st period - Shot by Brandon Coe.
14:59 of 1st period - Stopped by Anthony Stolarz without a rebound.
15:00 of 1st period - Mikey Eyssimont wins face-off versus Glenn Gawdin in CHICAGO Wolves zone.
15:00 of 1st period - Jett Woo is hit by Joseph Cecconi and loses puck.
15:12 of 1st period - Morgan Barron is hit by Daemon Hunt and loses puck.
15:19 of 1st period - Shot by Morgan Barron.
15:19 of 1st period - Stopped by Colton Point with a rebound.
15:30 of 1st period - Minor Penalty to Jett Woo for Delaying the game.
15:31 of 1st period - Morgan Barron wins face-off versus Drew O'Connor in WILKES-BARRE/SCRANTON Penguins zone.
16:28 of 1st period - Icing by Mikko Kokkonen.
16:29 of 1st period - Drew O'Connor wins face-off versus Jack McBain in CHICAGO Wolves zone.
18:12 of 1st period - Icing by Wyatte Wylie.
18:13 of 1st period - Keean Washkurak wins face-off versus Morgan Barron in WILKES-BARRE/SCRANTON Penguins zone.
19:01 of 1st period - Nolan Stevens is hit by Jansen Harkins.
19:16 of 1st period - Icing by Roland McKeown.
19:17 of 1st period - Connor McMichael wins face-off versus Morgan Barron in CHICAGO Wolves zone.
Goals for this period are 2 for WILKES-BARRE/SCRANTON Penguins vs 3 for CHICAGO Wolves.
Shots for this period are 7 for WILKES-BARRE/SCRANTON Penguins vs 11 for CHICAGO Wolves.

2nd period


0:01 of 2nd period - Mikey Eyssimont wins face-off versus Jack McBain in neutral zone.
0:32 of 2nd period - Shot by Mikey Eyssimont.
0:32 of 2nd period - Deflect By Matt Luff.
0:32 of 2nd period - Shot Blocked by Noel Hoefenmayer.
0:58 of 2nd period - Shot by Jansen Harkins.
0:58 of 2nd period - Shot Misses the Net.
1:39 of 2nd period - Icing by Daniel Walcott.
1:40 of 2nd period - Keean Washkurak wins face-off versus Nikita Alexandrov in WILKES-BARRE/SCRANTON Penguins zone.
2:42 of 2nd period - Shot by Ondrej Kase.
2:42 of 2nd period - Deflect By Lias Andersson.
2:42 of 2nd period - Shot Blocked by Drew O'Connor.
2:44 of 2nd period - Shot by Ondrej Kase.
2:44 of 2nd period - Shot Misses the Net.
2:46 of 2nd period - Shot by Ondrej Kase.
2:46 of 2nd period - Shot Misses the Net.
2:48 of 2nd period - Shot by Ondrej Kase.
2:48 of 2nd period - Shot Blocked by Dylan Samberg.
2:50 of 2nd period - Shot by Isaak Phillips.
2:50 of 2nd period - Shot Misses the Net.
4:27 of 2nd period - Icing by Ondrej Kase.
4:28 of 2nd period - Keean Washkurak wins face-off versus Jack McBain in CHICAGO Wolves zone.
4:33 of 2nd period - Shot by Daniel Walcott.
4:33 of 2nd period - Shot Misses the Net.
4:35 of 2nd period - Shot by Nicklaus Perbix.
4:35 of 2nd period - Stopped by Anthony Stolarz without a rebound.
4:36 of 2nd period - Keean Washkurak wins face-off versus Morgan Barron in CHICAGO Wolves zone.
4:36 of 2nd period - Keean Washkurak is hit by Roland McKeown.
4:38 of 2nd period - Shot by Daniel Walcott.
4:38 of 2nd period - Stopped by Anthony Stolarz without a rebound.
4:39 of 2nd period - Keean Washkurak wins face-off versus Jansen Harkins in CHICAGO Wolves zone.
4:58 of 2nd period - Shot by Jansen Harkins.
4:58 of 2nd period - Stopped by Colton Point without a rebound.
4:59 of 2nd period - Jack McBain wins face-off versus Matt Luff in WILKES-BARRE/SCRANTON Penguins zone.
5:00 of 2nd period - Shot by Lias Andersson.
5:00 of 2nd period - Shot Blocked by Drew O'Connor.
5:04 of 2nd period - Shot by Ondrej Kase.
5:04 of 2nd period - Deflect By Jack McBain.
5:04 of 2nd period - Stopped by Colton Point without a rebound.
5:05 of 2nd period - Mikey Eyssimont wins face-off versus Morgan Barron in WILKES-BARRE/SCRANTON Penguins zone.
5:05 of 2nd period - Mikey Eyssimont is hit by Morgan Barron.
5:13 of 2nd period - Shot by Morgan Barron.
5:13 of 2nd period - Shot Blocked by Dylan Samberg.
6:21 of 2nd period - Shot by Connor McMichael.
6:21 of 2nd period - Stopped by Anthony Stolarz without a rebound.
6:22 of 2nd period - Nikita Alexandrov wins face-off versus Keean Washkurak in CHICAGO Wolves zone.
6:27 of 2nd period - Kole Lind is hit by Keean Washkurak and loses puck.
6:41 of 2nd period - Kole Lind is hit by Nicklaus Perbix.
6:48 of 2nd period - Icing by Nicklaus Perbix.
6:49 of 2nd period - Morgan Barron wins face-off versus Keean Washkurak in WILKES-BARRE/SCRANTON Penguins zone.
7:16 of 2nd period - Shot by Connor McMichael.
7:16 of 2nd period - Goal by Connor McMichael - WILKES-BARRE/SCRANTON Penguins : 3 - CHICAGO Wolves : 3.
7:17 of 2nd period - Connor McMichael wins face-off versus Jack McBain in neutral zone.
8:04 of 2nd period - Icing by Roland McKeown.
8:05 of 2nd period - Drew O'Connor wins face-off versus Jack McBain in CHICAGO Wolves zone.
8:39 of 2nd period - Double Minor Penalty to Mikey Eyssimont for High sticking.
8:40 of 2nd period - Jansen Harkins wins face-off versus Drew O'Connor in WILKES-BARRE/SCRANTON Penguins zone.
9:01 of 2nd period - Shot by Noel Hoefenmayer.
9:01 of 2nd period - Stopped by Colton Point with a rebound.
9:03 of 2nd period - Shot by Isaak Phillips.
9:03 of 2nd period - Stopped by Colton Point without a rebound.
9:04 of 2nd period - Jack McBain wins face-off versus Drew O'Connor in WILKES-BARRE/SCRANTON Penguins zone.
9:25 of 2nd period - Shot by Ondrej Kase.
9:25 of 2nd period - Stopped by Colton Point with a rebound.
9:27 of 2nd period - Shot by Roland McKeown.
9:27 of 2nd period - Shot Misses the Net.
9:29 of 2nd period - Shot by Joseph Cecconi.
9:29 of 2nd period - Shot Blocked by Louie Belpedio.
9:33 of 2nd period - Shot by Ondrej Kase.
9:33 of 2nd period - Stopped by Colton Point with a rebound.
9:51 of 2nd period - Shot by Morgan Barron.
9:51 of 2nd period - Shot Misses the Net.
10:01 of 2nd period - Jett Woo is hit by Morgan Barron and loses puck.
10:43 of 2nd period - Off-side.
10:44 of 2nd period - Morgan Barron wins face-off versus Drew O'Connor in neutral zone.
11:01 of 2nd period - Shot by Karson Kuhlman.
11:01 of 2nd period - Stopped by Colton Point without a rebound.
11:02 of 2nd period - Jack McBain wins face-off versus Connor McMichael in WILKES-BARRE/SCRANTON Penguins zone.
11:09 of 2nd period - Shot by Noel Hoefenmayer.
11:09 of 2nd period - Stopped by Colton Point without a rebound.
11:10 of 2nd period - Drew O'Connor wins face-off versus Morgan Barron in WILKES-BARRE/SCRANTON Penguins zone.
11:10 of 2nd period - Drew O'Connor is hit by Morgan Barron.
12:09 of 2nd period - Shot by Jack McBain.
12:09 of 2nd period - Deflect By Lias Andersson.
12:09 of 2nd period - Stopped by Colton Point without a rebound.
12:10 of 2nd period - Drew O'Connor wins face-off versus Jack McBain in WILKES-BARRE/SCRANTON Penguins zone.
12:32 of 2nd period - Off-side.
12:33 of 2nd period - Jansen Harkins wins face-off versus Connor McMichael in neutral zone.
12:38 of 2nd period - Shot by Isaak Phillips.
12:38 of 2nd period - Shot Misses the Net.
12:49 of 2nd period - Isaak Phillips is hit by Connor McMichael and loses puck.
13:38 of 2nd period - Shot by Glenn Gawdin.
13:38 of 2nd period - Stopped by Colton Point without a rebound.
13:39 of 2nd period - Mikey Eyssimont wins face-off versus Morgan Barron in WILKES-BARRE/SCRANTON Penguins zone.
14:00 of 2nd period - Shot by Jansen Harkins.
14:00 of 2nd period - Shot Misses the Net.
14:45 of 2nd period - Icing by Louie Belpedio.
14:46 of 2nd period - Brandon Coe wins face-off versus Kole Lind in WILKES-BARRE/SCRANTON Penguins zone.
14:53 of 2nd period - Icing by Dylan Samberg.
14:54 of 2nd period - Jack McBain wins face-off versus Keean Washkurak in WILKES-BARRE/SCRANTON Penguins zone.
15:16 of 2nd period - Shot by Roland McKeown.
15:16 of 2nd period - Shot Misses the Net.
15:18 of 2nd period - Shot by Ondrej Kase.
15:18 of 2nd period - Stopped by Colton Point without a rebound.
15:19 of 2nd period - Nikita Alexandrov wins face-off versus Mikey Eyssimont in WILKES-BARRE/SCRANTON Penguins zone.
15:24 of 2nd period - Shot by Chase De Leo.
15:24 of 2nd period - Shot Misses the Net.
15:36 of 2nd period - Off-side.
15:37 of 2nd period - Morgan Barron wins face-off versus Connor McMichael in neutral zone.
15:40 of 2nd period - Connor McMichael is hit by Morgan Barron and loses puck.
15:53 of 2nd period - Shot by Jansen Harkins.
15:53 of 2nd period - Stopped by Colton Point without a rebound.
15:54 of 2nd period - Jack McBain wins face-off versus Mikey Eyssimont in WILKES-BARRE/SCRANTON Penguins zone.
16:25 of 2nd period - Shot by Lias Andersson.
16:25 of 2nd period - Stopped by Colton Point with a rebound.
17:49 of 2nd period - Shot by Brandon Coe.
17:49 of 2nd period - Shot Blocked by Isaak Phillips.
17:51 of 2nd period - Shot by Nicklaus Perbix.
17:51 of 2nd period - Shot Misses the Net.
17:59 of 2nd period - Shot by Keean Washkurak.
17:59 of 2nd period - Shot Blocked by Isaak Phillips.
18:07 of 2nd period - Shot by Daniel Walcott.
18:07 of 2nd period - Shot Misses the Net.
18:59 of 2nd period - Icing by Dylan Samberg.
19:00 of 2nd period - Drew O'Connor wins face-off versus Jack McBain in WILKES-BARRE/SCRANTON Penguins zone.
19:00 of 2nd period - Drew O'Connor is hit by Lias Andersson.
19:08 of 2nd period - Shot by Jack McBain.
19:08 of 2nd period - Deflect By Lias Andersson.
19:08 of 2nd period - Shot Misses the Net.
19:47 of 2nd period - Daniel Walcott is hit by Noel Hoefenmayer and loses puck.
Goals for this period are 1 for WILKES-BARRE/SCRANTON Penguins vs 0 for CHICAGO Wolves.
Shots for this period are 4 for WILKES-BARRE/SCRANTON Penguins vs 13 for CHICAGO Wolves.

3rd period


0:01 of 3rd period - Mikey Eyssimont wins face-off versus Morgan Barron in neutral zone.
0:59 of 3rd period - Jack McBain is hit by Max Willman and loses puck.
1:16 of 3rd period - Max Willman is hit by Ondrej Kase and loses puck.
1:53 of 3rd period - Daniel Walcott is hit by Nikita Alexandrov and loses puck.
3:48 of 3rd period - Shot by Glenn Gawdin.
3:48 of 3rd period - Shot Misses the Net.
4:00 of 3rd period - Shot by Matt Luff.
4:00 of 3rd period - Stopped by Anthony Stolarz without a rebound.
4:01 of 3rd period - Ondrej Kase wins face-off versus Keean Washkurak in CHICAGO Wolves zone.
4:05 of 3rd period - Off-side.
4:06 of 3rd period - Keean Washkurak wins face-off versus Jack McBain in neutral zone.
4:12 of 3rd period - Shot by Ondrej Kase.
4:12 of 3rd period - Shot Misses the Net.
4:14 of 3rd period - Shot by Ondrej Kase.
4:14 of 3rd period - Stopped by Colton Point with a rebound.
4:47 of 3rd period - Icing by Jack McBain.
4:48 of 3rd period - Jack McBain wins face-off versus Connor McMichael in CHICAGO Wolves zone.
5:16 of 3rd period - Shot by Jansen Harkins.
5:16 of 3rd period - Stopped by Colton Point without a rebound.
5:17 of 3rd period - Mikey Eyssimont wins face-off versus Nikita Alexandrov in WILKES-BARRE/SCRANTON Penguins zone.
5:17 of 3rd period - Mikey Eyssimont is hit by Nikita Alexandrov.
5:28 of 3rd period - Joseph Cecconi and Mikey Eyssimont fight to a draw.
5:28 of 3rd period - Penalty to Joseph Cecconi for Fighting.
5:28 of 3rd period - Penalty to Mikey Eyssimont for Fighting.
5:29 of 3rd period - Morgan Barron wins face-off versus Jimmy Lodge in CHICAGO Wolves zone.
6:10 of 3rd period - Karson Kuhlman is hit by Drew O'Connor and loses puck.
6:22 of 3rd period - Icing by Noel Hoefenmayer.
6:23 of 3rd period - Morgan Barron wins face-off versus Connor McMichael in CHICAGO Wolves zone.
6:36 of 3rd period - Off-side.
6:37 of 3rd period - Jack McBain wins face-off versus Keean Washkurak in neutral zone.
6:48 of 3rd period - Shot by Brandon Coe.
6:48 of 3rd period - Shot Misses the Net.
6:50 of 3rd period - Shot by Nicklaus Perbix.
6:50 of 3rd period - Shot Misses the Net.
6:52 of 3rd period - Shot by Daniel Walcott.
6:52 of 3rd period - Stopped by Anthony Stolarz without a rebound.
6:53 of 3rd period - Nikita Alexandrov wins face-off versus Connor McMichael in CHICAGO Wolves zone.
6:53 of 3rd period - Nikita Alexandrov is hit by Otto Koivula.
7:01 of 3rd period - Shot by Kole Lind.
7:01 of 3rd period - Stopped by Colton Point without a rebound.
7:02 of 3rd period - Drew O'Connor wins face-off versus Jack McBain in WILKES-BARRE/SCRANTON Penguins zone.
7:21 of 3rd period - Shot by Drew O'Connor.
7:21 of 3rd period - Shot Misses the Net.
7:23 of 3rd period - Shot by Louie Belpedio.
7:23 of 3rd period - Stopped by Anthony Stolarz with a rebound.
7:25 of 3rd period - Shot by Drew O'Connor.
7:25 of 3rd period - Stopped by Anthony Stolarz without a rebound.
7:26 of 3rd period - Connor McMichael wins face-off versus Karson Kuhlman in CHICAGO Wolves zone.
7:33 of 3rd period - Shot by Connor McMichael.
7:33 of 3rd period - Stopped by Anthony Stolarz without a rebound.
7:34 of 3rd period - Connor McMichael wins face-off versus Morgan Barron in CHICAGO Wolves zone.
7:37 of 3rd period - Shot by Otto Koivula.
7:37 of 3rd period - Stopped by Anthony Stolarz without a rebound.
7:38 of 3rd period - Karson Kuhlman wins face-off versus Daniel Walcott in CHICAGO Wolves zone.
7:51 of 3rd period - Off-side.
7:52 of 3rd period - Jack McBain wins face-off versus Connor McMichael in neutral zone.
7:54 of 3rd period - Off-side.
7:55 of 3rd period - Morgan Barron wins face-off versus Daniel Walcott in neutral zone.
8:54 of 3rd period - Jansen Harkins is hit by Connor McMichael.
9:09 of 3rd period - Shot by Otto Koivula.
9:09 of 3rd period - Stopped by Anthony Stolarz without a rebound.
9:10 of 3rd period - Jack McBain wins face-off versus Jimmy Lodge in CHICAGO Wolves zone.
9:23 of 3rd period - Shot by Jimmy Lodge.
9:23 of 3rd period - Deflect By Drew O'Connor.
9:23 of 3rd period - Stopped by Anthony Stolarz without a rebound.
9:24 of 3rd period - Brandon Coe wins face-off versus Nikita Alexandrov in CHICAGO Wolves zone.
9:33 of 3rd period - Shot by Chase De Leo.
9:33 of 3rd period - Shot Misses the Net.
9:53 of 3rd period - Shot by Chase De Leo.
9:53 of 3rd period - Shot Blocked by Cole Moberg.
9:55 of 3rd period - Shot by Nikita Alexandrov.
9:55 of 3rd period - Shot Hit the Post.
10:08 of 3rd period - Off-side.
10:09 of 3rd period - Jack McBain wins face-off versus Nolan Stevens in neutral zone.
10:18 of 3rd period - Shot by Jack McBain.
10:18 of 3rd period - Shot Blocked by Jett Woo.
10:21 of 3rd period - Icing by Jett Woo.
10:22 of 3rd period - Nolan Stevens wins face-off versus Glenn Gawdin in WILKES-BARRE/SCRANTON Penguins zone.
10:29 of 3rd period - Mikko Kokkonen is hit by Nolan Stevens and loses puck.
10:38 of 3rd period - Shot by Matt Luff.
10:38 of 3rd period - Stopped by Anthony Stolarz without a rebound.
10:39 of 3rd period - Jack McBain wins face-off versus Connor McMichael in CHICAGO Wolves zone.
10:39 of 3rd period - Lias Andersson is hit by Otto Koivula and loses puck.
11:59 of 3rd period - Shot by Morgan Barron.
11:59 of 3rd period - Stopped by Colton Point with a rebound.
12:01 of 3rd period - Shot by Morgan Barron.
12:01 of 3rd period - Shot Hit the Post.
12:03 of 3rd period - Shot by Noel Hoefenmayer.
12:03 of 3rd period - Stopped by Colton Point with a rebound.
12:22 of 3rd period - Minor Penalty to Daniel Walcott for Cross-checking.
12:23 of 3rd period - Jack McBain wins face-off versus Max Willman in WILKES-BARRE/SCRANTON Penguins zone.
12:26 of 3rd period - Shot by Jack McBain.
12:26 of 3rd period - Stopped by Colton Point with a rebound.
12:30 of 3rd period - Shot by Ondrej Kase.
12:30 of 3rd period - Stopped by Colton Point without a rebound.
12:31 of 3rd period - Morgan Barron wins face-off versus Drew O'Connor in WILKES-BARRE/SCRANTON Penguins zone.
13:33 of 3rd period - Shot by Ondrej Kase.
13:33 of 3rd period - Shot Misses the Net.
14:17 of 3rd period - Mikko Kokkonen is hit by Nolan Stevens and loses puck.
14:31 of 3rd period - Chase De Leo is hit by Nicklaus Perbix and loses puck.
14:41 of 3rd period - Nikita Alexandrov is hit by Nicklaus Perbix and loses puck.
14:59 of 3rd period - Icing by Otto Koivula.
15:00 of 3rd period - Otto Koivula wins face-off versus Jack McBain in WILKES-BARRE/SCRANTON Penguins zone.
15:26 of 3rd period - Jack McBain beats up Otto Koivula.
15:26 of 3rd period - Penalty to Jack McBain for Fighting.
15:26 of 3rd period - Penalty to Otto Koivula for Fighting.
15:26 of 3rd period - Penalty to Otto Koivula for instigated a fight.
15:26 of 3rd period - Otto Koivula is ejected from game.
15:27 of 3rd period - Drew O'Connor wins face-off versus Morgan Barron in WILKES-BARRE/SCRANTON Penguins zone.
15:44 of 3rd period - Mikey Eyssimont is hit by Morgan Barron and loses puck.
15:58 of 3rd period - Icing by Morgan Barron.
15:59 of 3rd period - Morgan Barron wins face-off versus Drew O'Connor in CHICAGO Wolves zone.
16:04 of 3rd period - Drew O'Connor is hit by Morgan Barron.
17:26 of 3rd period - Icing by Dylan Samberg.
17:27 of 3rd period - Daniel Walcott wins face-off versus Nikita Alexandrov in WILKES-BARRE/SCRANTON Penguins zone.
17:27 of 3rd period - Daniel Walcott is hit by Chase De Leo.
17:36 of 3rd period - Minor Penalty to Keean Washkurak for Interference.
17:37 of 3rd period - Connor McMichael wins face-off versus Morgan Barron in WILKES-BARRE/SCRANTON Penguins zone.
17:47 of 3rd period - Off-side.
17:48 of 3rd period - Drew O'Connor wins face-off versus Morgan Barron in neutral zone.
17:57 of 3rd period - Shot by Joseph Cecconi.
17:57 of 3rd period - Shot Blocked by Louie Belpedio.
17:59 of 3rd period - Shot by Morgan Barron.
17:59 of 3rd period - Stopped by Colton Point with a rebound.
18:01 of 3rd period - Shot by Morgan Barron.
18:01 of 3rd period - Shot Misses the Net.
18:03 of 3rd period - Shot by Jansen Harkins.
18:03 of 3rd period - Shot Misses the Net.
18:05 of 3rd period - Shot by Roland McKeown.
18:05 of 3rd period - Shot Misses the Net.
18:11 of 3rd period - Shot by Karson Kuhlman.
18:11 of 3rd period - Stopped by Colton Point without a rebound.
18:12 of 3rd period - Nate Schnarr wins face-off versus Drew O'Connor in WILKES-BARRE/SCRANTON Penguins zone.
18:15 of 3rd period - Shot by Nate Schnarr.
18:15 of 3rd period - Deflect By Ondrej Kase.
18:15 of 3rd period - Shot Misses the Net.
18:27 of 3rd period - Shot by Nate Schnarr.
18:27 of 3rd period - Stopped by Colton Point without a rebound.
18:28 of 3rd period - Morgan Barron wins face-off versus Drew O'Connor in WILKES-BARRE/SCRANTON Penguins zone.
18:31 of 3rd period - Shot by Karson Kuhlman.
18:31 of 3rd period - Stopped by Colton Point without a rebound.
18:32 of 3rd period - Nate Schnarr wins face-off versus Drew O'Connor in WILKES-BARRE/SCRANTON Penguins zone.
19:04 of 3rd period - Shot by Roland McKeown.
19:04 of 3rd period - Shot Misses the Net.
19:16 of 3rd period - Shot by Isaak Phillips.
19:16 of 3rd period - Stopped by Colton Point with a rebound.
19:18 of 3rd period - Shot by Noel Hoefenmayer.
19:18 of 3rd period - Stopped by Colton Point without a rebound.
19:19 of 3rd period - Drew O'Connor wins face-off versus Morgan Barron in WILKES-BARRE/SCRANTON Penguins zone.
19:19 of 3rd period - Drew O'Connor is hit by Jansen Harkins.
19:37 of 3rd period - Shot by Chase De Leo.
19:37 of 3rd period - Goal by Chase De Leo - WILKES-BARRE/SCRANTON Penguins : 3 - CHICAGO Wolves : 4.
19:38 of 3rd period - Morgan Barron wins face-off versus Mikey Eyssimont in neutral zone.
19:40 of 3rd period - Noel Hoefenmayer is hit by Louie Belpedio and loses puck.
Goals for this period are 0 for WILKES-BARRE/SCRANTON Penguins vs 1 for CHICAGO Wolves.
Shots for this period are 9 for WILKES-BARRE/SCRANTON Penguins vs 14 for CHICAGO Wolves. Output by the SimonT Hockey Simulator (STHS) for Martin Benoit - Original Page W3C HTML5 Valid
Hockey Simulator - Hockey Simulation - Hockey Manager